 Dungeon Crawl Stone Soup version 0.29-a0-88-g03a7b78be7 (webtiles) character file.

Game seed: 13273170386238807356

5113 porpoise the Fighter (level 10, -9/81 HPs)
             Began as a Djinni Conjurer on Feb 6, 2022.
             Was an Initiate of Ashenzari.
             Mangled by an orc warrior (14 damage)
             ... on level 8 of the Dungeon.
             The game lasted 00:44:29 (10606 turns).

porpoise the Fighter (Djinni Conjurer)             Turns: 10606, Time: 00:44:29

Health: -9/81      AC:  9    Str:  8    XL:     10   Next: 88%
Gold:   273        EV: 11    Int: 22    God:    Ashenzari [......] SH:  0 Dex: 12

rFire   + + +      SeeInvis +   b - +1 hunting sling
rCold   + . .      Faith    .   (no shield)
rNeg    + . .      Spirit   .   z - +3 leather armour of Ashenzari's Affliction {rC+, Self, Melee} (curse)
rPois   ∞          Reflect  .   (no helmet)
rElec   +          Harm     .   l - +0 cloak
rCorr   +          Rampage  .   k - +0 pair of gloves
Will    .....                   (boots unavailable)
Stlth   +++.......              (no amulet)
HPRegen 0.23/turn               d - ring of positive energy
MPRegen 0.00/turn               f - ring of see invisible

@: resistant, weak-willed, flying, very slightly contaminated
A: sickness immunity, fire resistance 2, cold vulnerability 1, float, innate
caster, HP casting, extra vitality 1
a: Renounce Religion, Shatter the Chains


You were on level 8 of the Dungeon.
You worshipped Ashenzari.
Ashenzari was noncommittal.
You visited 2 branches of the dungeon, and saw 9 of its levels.

You collected 273 gold pieces.

Inventory:

Hand Weapons
 a - a +5 spear
 b - a +1 hunting sling (weapon)
Missiles
 e - 161 arrows
 j - 16 poisoned darts
 o - 216 stones (quivered ammo)
 p - 27 bolts
 r - 31 sling bullets
 u - 4 boomerangs
 I - 6 curare-tipped darts
Armour
 c - a +0 robe
 k - a +0 pair of gloves (worn)
 l - a +0 cloak (worn)
 z - the cursed +3 leather armour of Ashenzari's Affliction (worn) {rC+, Self, Melee}
   (You found it on level 6 of the Dungeon)

   It has a curse which improves the following skills: Introspection: Fighting
   and Spellcasting.
   Melee Combat: Short Blades, Long Blades, Axes, Maces & Flails, Polearms,
   Staves and Unarmed Combat.
 F - +0 swamp dragon scales
Jewellery
 d - a ring of positive energy (left hand)
 f - a ring of see invisible (right hand)
 i - a ring of fire
Wands
 t - a wand of iceblast (10)
 B - a wand of digging (4)
 C - a wand of flame (44)
 E - a wand of paralysis (10)
Scrolls
 m - 2 scrolls of enchant weapon
 s - a scroll of magic mapping
 w - a scroll of noise
 x - a scroll of amnesia {unknown}
 y - a scroll of acquirement {unknown}
 D - a scroll of torment
 G - a scroll of blinking
Potions
 q - 2 potions of lignification
 v - a potion of curing {unknown}
 A - a potion of attraction {unknown}


   Skills:
 * Level 10.1(10.5) Fighting
 - Level 5.0 Armour
 - Level 2.1 Dodging
 - Level 5.0 Stealth
 - Level 7.0(7.4) Spellcasting
 + Level 3.8 Evocations


You couldn't memorise any spells.
You knew the following spells:

 Your Spells              Type           Power      Damage    Failure   Level
a - Magic Dart            Conj           100%       1d8       1%          1
b - Searing Ray           Conj           80%        2d7       1%          2
c - Fulminant Prism       Conj/Hex       20%        3d13      4%          4
d - Iskenderun's Mystic   Conj/Tloc      40%        2d9       4%          4
p - Passage of Golubria   Tloc           40%        N/A       4%          4
r - Portal Projectile     Hex/Tloc       80%        N/A       1%          3
s - Sting                 Tmut/Pois      100%       1d8       1%          1
w - Passwall              Tmut/Erth      33%        N/A       1%          2
z - Dazzling Flash        Conj/Hex       80%        N/A       1%          3
Your spell library was empty.

Dungeon Overview and Level Annotations

Branches:
Dungeon (8/15)             Temple (1/1) D:7
   Lair: D:8-11

Altars:
Ashenzari
Gozag
Kikubaaqudgha
Makhleb
Nemelex Xobeh
Qazlal
Ru
Uskayaw
Wu Jian
Yredelemnul
Zin


Innate Abilities, Weirdness & Mutations

You are immune to sickness and miasma.
You are immune to poison.
Your flesh is very heat resistant. (rF++)
You are vulnerable to cold. (rC-)
You float through the air rather than walking.
You learn spells naturally, not from books.
Your magical power is your life essence.
You have superior vitality. (+4 MHP)


Message History

Confirm with . or Enter, or press ? or * to list all spells.
You miscast Iskenderun's Mystic Blast.
You are very lightly contaminated with residual magic.
Nothing appears to happen.
The bullfrog hits you.
An orc warrior comes into view. It is wielding a +0 glaive.
The bullfrog hits you.
The centaur shoots an arrow.
The arrow hits you!
Casting: Iskenderun's Mystic Blast (dangerous; 4% risk of failure)
Confirm with . or Enter, or press ? or * to list all spells.
You erupt in a blast of force!
The mystic blast hits the bullfrog!
You kill the bullfrog!
The mystic blast hits the centaur!
The centaur is severely wounded.
The centaur is knocked back by the mystic blast.
* * * LOW HITPOINT WARNING * * *
You hear a bellow!
The centaur shoots an arrow.
The arrow barely misses you.
The centaur shoots an arrow.
The arrow hits you!
* * * LOW HITPOINT WARNING * * *
The centaur shoots an arrow.
The arrow barely misses you.
The centaur shoots an arrow.
The arrow hits you!
* * * LOW HITPOINT WARNING * * *
Okay, then.
You feel much better. The orc warrior closely misses you.
The centaur shoots an arrow.
The arrow barely misses you.
You hear a bellow!
Okay, then.
Unknown command.
As you read the scroll labelled JIPOGE ORYO, it crumbles to dust.
Magic quickly surges around you.
It was a scroll of vulnerability.
The centaur shoots an arrow.
The arrow barely misses you.
A yak comes into view.
The orc warrior hits you from afar with a +0 glaive!
* * * LOW HITPOINT WARNING * * *
The centaur shoots an arrow.
The arrow hits you.
* * * LOW HITPOINT WARNING * * *
It was a potion of resistance.
You feel protected.
The orc warrior hits you from afar with a +0 glaive!
You die...

###...........
.......#................
.....#..................
#.#..#...................
..#.#....................
# #......................
#......................
#......((......?.......
#>............@........
.##..............(......
...(.([...).)...o....!...
.#####....######((.....Y.
##..÷# #..†...... ##..#
#:..c....P ##.#
'......... ###
≈#.......#. ###......(#


You could see a yak, an orc warrior (weak-willed) and a centaur (weak-willed).

Vanquished Creatures
  Pikel (D:6)
  A manticore (D:6)
  Maggie (D:6)
  A wyvern (D:7)
  Sigmund (D:7)
  A yak (D:7)
  Edmund (D:7)
  6 water moccasins
  An ice beast (D:7)
  2 orc warriors (D:7)
  An ogre (D:6)
  2 black bears
  2 sky beasts (D:7)
  2 necrophages
  2 centaurs (D:7)
  A lemure (D:6)
  A phantom (D:4)
  6 bullfrogs
  Blork the orc (D:6)
  2 scorpions
  A water moccasin skeleton (D:5)
  10 wights
  2 jellies
  A centaur zombie (D:7)
  A centaur skeleton (D:7)
  Crazy Yiuf (D:2)
  An orc priest (D:7)
  A bullfrog skeleton (D:4)
  2 hounds
  3 iguanas
  5 orc wizards
  A hound zombie (D:5)
  A howler monkey skeleton (D:7)
  8 adders
  3 white imps (D:7)
  An ufetubus (D:5)
  An adder skeleton (D:4)
  A worm (D:3)
  4 dart slugs
  13 orcs
  5 ball pythons
  7 bats
  6 endoplasms
  2 giant cockroaches
  5 goblins
  2 hobgoblins
  4 jackals
  5 kobolds
  3 quokkas
  2 frilled lizards
  4 rats
  A bush (D:1)
143 creatures vanquished.

Vanquished Creatures (others)
  23 fulminant prisms
  43 fungi (D:8)
  52 plants
118 creatures vanquished.

Grand Total: 261 creatures vanquished

Notes
Turn   | Place    | Note
-------+----------+-------------------------------------------
     0 | D:1      | porpoise the Djinni Conjurer began the quest for the Orb.
     0 | D:1      | Reached XP level 1. HP: 15/15 MP: 0/0
   347 | D:1      | Reached XP level 2. HP: 20/22 MP: 0/0
   392 | D:1      | Found a faded altar of an unknown god.
   521 | D:1      | Reached skill level 1 in Fighting
  1337 | D:2      | Found a burning altar of Makhleb.
  1410 | D:2      | Reached XP level 3. HP: 21/27 MP: 0/0
  1410 | D:2      | Learned a level 1 spell: Sting
  1707 | D:2      | Reached XP level 4. HP: 29/33 MP: 0/0
  1757 | D:2      | Reached skill level 2 in Fighting
  2209 | D:2      | Found a runed translucent door.
  2210 | D:2      | Noticed Crazy Yiuf
  2421 | D:2      | Killed Crazy Yiuf
  2422 | D:2      | Reached XP level 5. HP: 30/39 MP: 0/0
  2422 | D:2      | Learned a level 2 spell: Passwall
  2884 | D:3      | Found an ornate altar of the Wu Jian Council.
  3169 | D:3      | Found a glowing silver altar of Zin.
  3185 | D:3      | Found an opulent altar of Gozag.
  3288 | D:3      | Reached skill level 3 in Fighting
  3289 | D:3      | Reached XP level 6. HP: 36/46 MP: 0/0
  3422 | D:3      | Found a sacrificial altar of Ru.
  4640 | D:5      | Entered Level 5 of the Dungeon
  4660 | D:5      | Reached XP level 7. HP: 43/51 MP: 0/0
  4660 | D:5      | Learned a level 3 spell: Portal Projectile
  4890 | D:5      | Reached skill level 4 in Fighting
  5176 | D:5      | Noticed a water moccasin
  5185 | D:5      | Killed a water moccasin
  5186 | D:5      | Reached skill level 5 in Spellcasting
  5623 | D:5      | Reached XP level 8. HP: 54/58 MP: 0/0
  5886 | D:6      | Reached skill level 5 in Fighting
  6096 | D:6      | Found a basalt altar of Yredelemnul.
  6277 | D:6      | Noticed Blork the orc
  6396 | D:6      | Noticed a manticore
  6417 | D:6      | Killed Blork the orc
  6417 | D:6      | Killed a manticore
  6418 | D:6      | Reached skill level 6 in Fighting
  6418 | D:6      | Reached XP level 9. HP: 37/67 MP: 0/0
  6418 | D:6      | Learned a level 4 spell: Passage of Golubria
  6580 | D:6      | Noticed Pikel
  6707 | D:6      | Killed Pikel
  6708 | D:6      | Reached skill level 7 in Fighting
  6708 | D:6      | Reached skill level 5 in Stealth
  7099 | D:6      | Noticed Maggie
  7105 | D:6      | Killed Maggie
  7106 | D:6      | Reached skill level 8 in Fighting
  7755 | D:7      | Noticed Sigmund
  7760 | D:7      | Killed Sigmund
  7761 | D:7      | Reached skill level 1 in Armour
  7764 | D:7      | Noticed Edmund
  7781 | D:7      | Killed Edmund
  7782 | D:7      | Reached skill level 1 in Evocations
  7782 | D:7      | Reached XP level 10. HP: 30/77 MP: 0/0
  8134 | D:7      | Found an opulent altar of Gozag.
  8210 | D:7      | Found a staircase to the Ecumenical Temple.
  8240 | Temple   | Entered the Ecumenical Temple
  8251 | Temple   | Became a worshipper of Ashenzari the Shackled
  8317 | D:7      | Found a stormy altar of Qazlal.
  8717 | D:7      | Reached skill level 9 in Fighting
 10176 | D:8      | Reached skill level 5 in Armour
 10336 | D:8      | Reached skill level 10 in Fighting
 10603 | D:8      | HP: 4/81 [centaur/arrow (9)]
 10606 | D:8      | Mangled by an orc warrior

Illustrated notes

Levels and vault maps discovered:
D:1:      minmay_arrival_five_plusses, layout_basic, serial_forest,
          infiniplex_forest_lined_ring, infiniplex_forest_clump_long,
          infiniplex_forest_split, infiniplex_forest_zigzag_2,
          infiniplex_forest_lined_corner, infiniplex_forest_straight_2,
          infiniplex_forest_lined_corner, infiniplex_forest_straight_3,
          hellmonk_ecumenical_altar_pennies_from_heaven
D:2:      layout_rooms, basic_altar, serial_curves, eino_curves_02,
          eino_curves_04, st_stairs_12, uniq_crazy_yiuf_cottage
D:3:      layout_rooms, grunt_temple_overflow_gold_and_silver,
          mainiacjoe_overflow_alcove_1, nzn_wu_jian_council_hall
D:4:      layout_gridville
D:5:      layout_loops_ring, kennysheep_crisscross, grunt_ministairs_13
D:6:      layout_basic, general_overflow_altar, minmay_fountain_box, uniq_pikel,
          uniq_blork_the_orc, uniq_maggie
D:7:      minmay_razor_zed, layout_basic, minmay_temple_entry_stoned_glass,
          hangedman_feature_mirror, sigmund_edmund_badplayer
D:8:      layout_basic, due_lair_maze_entry_diamond, kennysheep_generic_room_14
Temple:   eino_temple_scatter_basement

Skill      XL: |  1  2  3  4  5  6  7  8  9 10 |
---------------+-------------------------------+-----
Fighting       | 1 2 3 4 6 8 10 | 10.1
Stealth        | 2 3 4 5 |  5.0
Spellcasting   | 4 5 6 7 |  7.0
Armour         | 2 5 |  5.0
Evocations     | 1 3 |  3.8
Dodging        | |  2.1

Action                   |  1- 3 |  4- 6 |  7- 9 | 10-12 || total
-------------------------+-------+-------+-------+-------++-------
Melee: Short sword       |   221 |     1 |       |       ||   222
       Punch             |     5 |       |       |       ||     5
 Fire: Hunting sling     |       |    24 |    35 |    23 ||    82
 Cast: Magic Dart        |    29 |    20 |       |       ||    49
       Searing Ray       |     9 |    37 |    31 |    39 ||   116
       Iskenderun's Myst |       |     1 |     3 |    29 ||    33
       Sting             |       |     1 |       |       ||     1
       Fulminant Prism   |       |       |    20 |     3 ||    23
Invok: Curse Item        |       |       |       |     1 ||     1
  Use: Scroll            |       |     4 |     3 |     3 ||    10
       Potion            |       |       |       |     2 ||     2
Armor: Robe              |     2 |     5 |     2 |       ||     9
       Leather armour    |       |       |     6 |    19 ||    25
Dodge: Dodged            |     1 |    16 |    25 |    32 ||    74

Table legend: (Time is in decaauts)
 A = Elapsed time spent in this place.
 B = Non-inter-level travel time spent in this place.
 C = Inter-level travel time spent in this place.
 D = Time resting spent in this place.
 E = Time spent auto-exploring this place.
 F = Levels seen in this place.
 G = Mean time per level.
                   A        B        C        D        E       F      G
               +--------+--------+--------+--------+--------+-----+--------+
         Total |  10643 |  10410 |    233 |   4864 |   3998 |   9 | 1182.6 |
       Dungeon |  10622 |  10389 |    233 |   4864 |   3997 |   8 | 1327.8 |
        Temple |     20 |     20 |      0 |      0 |      1 |   1 |   20.0 |
               +--------+--------+--------+--------+--------+-----+--------+

Top non-repeatable levels by time:
     D:7: 2617 daAuts
     D:6: 1472 daAuts
     D:1: 1328 daAuts
     D:5: 1326 daAuts
     D:2: 1232 daAuts
     D:4: 1086 daAuts
     D:3: 1014 daAuts
     D:8: 544 daAuts
  Temple: 20 daAuts
